 Dungeon Sprint DCSS version 0.21-a0-47-g7c8f537 (webtiles) character file.

758 Kidiri the Fighter (level 7, -8/72 HPs)
             Began as a Hill Orc Monk on June 8, 2017.
             Was a High Priest of Wu Jian.
             Mangled by a wraith (14 damage)
             ... in the Dungeon (Sprint VII: "The Pits").
             The game lasted 00:05:05 (1356 turns).

Kidiri the Fighter (Hill Orc Monk)                  Turns: 1356, Time: 00:05:05

Health: -8/72      AC:  2    Str: 14    XL:     7   Next: 80%
Magic:  7/7        EV: 16    Int: 10    God:    Wu Jian [*****.]
Gold:   0          SH:  0    Dex: 15    Spells: 6/6 levels left

rFire    . . .     SeeInvis .     - Unarmed
rCold    . . .     Gourm    .   (no shield)
rNeg     . . .     Faith    .   a - +0 robe
rPois    .         Spirit   .   (no helmet)
rElec    .         Reflect  .   (no cloak)
rCorr    .         Harm     .   (no gloves)
MR       .....     NoTele   +   (no boots)
Stlth    ++++......             (no amulet)
Regen    0.3/turn               (no ring)
MPRegen  0.1/turn               (no ring)

@: mesmerised, slowed, invisible, very slow
A: no striking features
a: Serpent's Lash, Heavenly Storm, Renounce Religion


You were in the Dungeon.
You worshipped Wu Jian.
Wu Jian was extremely pleased with you.
You were not hungry.

You visited 1 branch

Inventory:

Armour
 a - a +0 robe (worn)
Scrolls
 k - 3 scrolls of remove curse
 l - 5 scrolls of amnesia
 m - a scroll of summoning
Potions
 c - 6 potions of curing
 e - a potion of haste
 f - 4 potions of magic
 j - a potion of invisibility
Comestibles
 b - 8 bread rations
 g - 2 chunks of flesh
 n - 40 fruits
 o - 7 meat rations


   Skills:
 * Level 10.0 Fighting
 + Level 5.9 Armour
 * Level 7.0 Dodging
 * Level 7.3 Stealth
 * Level 9.2 Unarmed Combat


You had 6 spell levels left.
You didn't know any spells.

Dungeon Overview and Level Annotations

Branches:
Dungeon (1/1)

Altars:
Ashenzari
Cheibriados
Dithmenos
Elyvilon
Fedhas
Gozag
Hepliaklqana
Kikubaaqudgha
Makhleb
Nemelex Xobeh
Okawaru
Qazlal
Ru
Sif Muna
Trog
Uskayaw
Vehumet
Wu Jian
Xom
Yredelemnul
Zin
The Shining One
Beogh
Jiyva
Lugonu


Message History

You hit the wraith but do no damage.
The wraith is severely damaged.
You spin and attack the merfolk siren.
You hit the merfolk siren.
The merfolk siren is moderately wounded.
The merfolk siren chants its luring song.
The wraith hits you! The wraith drains your vigour!
You feel as though you will be slow longer.
You hit the merfolk siren but do no damage.
The merfolk siren is moderately wounded.
The merfolk siren chants its luring song.
The wraith barely misses you.
The merfolk siren hits you with a spear!
* * * LOW HITPOINT WARNING * * *
The wraith hits you.
* * * LOW HITPOINT WARNING * * *
The wraith drains your vigour!
You feel as though you will be slow longer.
You fade into invisibility!
The merfolk siren barely misses you. The wraith hits you!
You die...

#.#..[)))..##.......#
#'###########.......#
#..#.#.##..##########
#.......#.######
##.#.#.##.#....#
#..%....#'#....#
##.#.#.##.'....+
#......%#'#.[W.#
##.#.#..'.#..m@#
###############


You could see a merfolk siren and a wraith.

Vanquished Creatures
  2 hungry ghosts (D)
  A porcupine (D)
  A floating eye (D)
  A wolf (D)
  2 scorpions (D)
  A crimson imp (D)
  A hound (D)
  An iguana (D)
  A river rat (D)
  An ooze (D)
  2 leopard geckos (D)
  An orc (D)
  2 giant cockroaches (D)
  A goblin (D)
  A quokka (D)
  2 frilled lizards (D)
  A rat (D)
22 creatures vanquished.

Notes
Turn   | Place    | Note
-------+----------+-------------------------------------------
     0 | D        | Kidiri the Hill Orc Monk began the quest for the Orb.
     0 | D        | Reached XP level 1. HP: 19/19 MP: 1/1
    46 | D        | Found a bloodstained altar of Trog.
    46 | D        | Found a deep blue altar of Sif Muna.
    46 | D        | Found a viscous altar of Jiyva.
    46 | D        | Found a hazy altar of Hepliaklqana.
    46 | D        | Found an opulent altar of Gozag.
    47 | D        | Found a glowing golden altar of the Shining One.
    47 | D        | Found a glowing silver altar of Zin.
    47 | D        | Found a basalt altar of Yredelemnul.
    47 | D        | Found a shimmering altar of Xom.
    47 | D        | Found an ornate altar of the Wu Jian Council.
    47 | D        | Found a sacrificial altar of Ru.
    47 | D        | Found a stormy altar of Qazlal.
    47 | D        | Found an iron altar of Okawaru.
    47 | D        | Found a sparkling altar of Nemelex Xobeh.
    47 | D        | Found a burning altar of Makhleb.
    47 | D        | Found a blossoming altar of Fedhas.
    47 | D        | Found a white marble altar of Elyvilon.
    47 | D        | Found a shadowy altar of Dithmenos.
    47 | D        | Found a snail-covered altar of Cheibriados.
    49 | D        | Found a radiant altar of Vehumet.
    49 | D        | Found a corrupted altar of Lugonu.
    49 | D        | Found a roughly hewn altar of Beogh.
    50 | D        | Found a hide-covered altar of Uskayaw.
    50 | D        | Found an ancient bone altar of Kikubaaqudgha.
    50 | D        | Found a shattered altar of Ashenzari.
    56 | D        | Became a worshipper of the Wu Jian Council
    56 | D        | Reached * piety under Wu Jian
    56 | D        | Reached ** piety under Wu Jian
    70 | D        | Noticed a floating eye
    72 | D        | Paralysed by a floating eye for 3 turns
    78 | D        | Paralysed by a floating eye for 2 turns
    85 | D        | Paralysed by a floating eye for 4 turns
    91 | D        | Killed a floating eye
    91 | D        | Reached skill level 6 in Fighting
    91 | D        | Reached skill level 5 in Unarmed Combat
    91 | D        | Reached XP level 2. HP: 30/30 MP: 2/2
    91 | D        | Reached XP level 3. HP: 37/37 MP: 3/3
    91 | D        | Reached XP level 4. HP: 44/44 MP: 4/4
   368 | D        | Reached *** piety under Wu Jian
   471 | D        | Noticed a hungry ghost
   476 | D        | Reached XP level 5. HP: 48/50 MP: 5/5
   527 | D        | Killed a hungry ghost
   527 | D        | Reached **** piety under Wu Jian
   527 | D        | Reached skill level 7 in Fighting
   527 | D        | Reached skill level 5 in Dodging
   527 | D        | Reached skill level 5 in Stealth
   527 | D        | Reached XP level 6. HP: 61/61 MP: 6/6
   715 | D        | Noticed a fire bat
   726 | D        | Noticed a porcupine
   737 | D        | HP: 3/61 [fire bat (9)]
   783 | D        | HP: 3/91 [porcupine's spines (14)]
   783 | D        | Killed a porcupine
   783 | D        | Reached skill level 8 in Fighting
   783 | D        | Reached skill level 5 in Armour
  1083 | D        | Noticed a hungry ghost
  1095 | D        | Killed a hungry ghost
  1095 | D        | Reached skill level 9 in Fighting
  1095 | D        | Reached XP level 7. HP: 70/70 MP: 7/7
  1223 | D        | Reached ***** piety under Wu Jian
  1252 | D        | Reached skill level 10 in Fighting
  1333 | D        | Noticed a wraith
  1333 | D        | Noticed a merfolk siren
  1356 | D        | Mangled by a wraith

Vault maps used:
D:        pitsprint

Skill      XL: |  1  2  3  4  5  6  7 |
---------------+----------------------+-----
Fighting       | 6 7 9 10 | 10.0
Armour         | 3 4 5 |  5.9
Dodging        | 4 5 6 7 |  7.0
Stealth        | 4 5 6 7 |  7.3
Unarmed Combat | 5 7 8 9 |  9.2

Action                   |  1- 3 |  4- 6 |  7- 9 || total
-------------------------+-------+-------+-------++-------
Melee: Unarmed           |    12 |    85 |    52 ||   149
       Punch             |       |     2 |     1 ||     3
Invok: Serpent's Lash    |       |     1 |       ||     1
  Use: Potion            |       |     7 |     3 ||    10
       Scroll            |       |     1 |       ||     1
 Stab: Sleeping          |     1 |     1 |     3 ||     5
  Eat: Chunk             |       |     5 |     3 ||     8
Armor: Robe              |       |     5 |       ||     5
Dodge: Dodged            |       |    67 |    25 ||    92
